 Seeded DCSS version 0.25-a0-435-g4b9beb1 (webtiles) character file.

Game seed: 4037872804680729407, levelgen mode: deterministic

15 DrEnzyme the Slasher (level 2, 0/24 HPs)
             Began as a Vampire Chaos Knight on Jan 29, 2020.
             Was a Plaything of Xom.
             Succumbed to an adder's poison
             ... on level 2 of the Dungeon.
             The game lasted 00:02:46 (683 turns).

DrEnzyme the Slasher (Vampire Chaos Knight)          Turns: 683, Time: 00:02:47

Health: 0/24       AC:  5    Str: 11    XL:     2   Next: 34%
Magic:  2/2        EV: 12    Int: 14    God:    Xom [..*...]
Gold:   79         SH:  0    Dex: 13    Spells: 1/1 levels left

rFire    . . .     SeeInvis +   a - +0 falchion (chaos)
rCold    . . .     Gourm    .   (no shield)
rNeg     . . .     Faith    .   b - +2 leather armour
rPois    .         Spirit   .   (no helmet)
rElec    .         Reflect  .   (no cloak)
rCorr    .         Harm     .   (no gloves)
MR       .....                  (no boots)
Stlth    +.........             (no amulet)
HPRegen  0.28/turn              (no ring)
MPRegen  0.08/turn              (no ring)

@: lethally poisoned (0 -> -5), flying, regenerating quickly
A: no food, fangs 3, see invisible, unbreathing
a: Exsanguinate, Renounce Religion


You were on level 2 of the Dungeon.
You worshipped Xom.
You were a toy of Xom.
You were alive.

You visited 1 branch of the dungeon, and saw 2 of its levels.

You collected 79 gold pieces.

Inventory:

Hand Weapons
 a - a +0 falchion of chaos (weapon)
 k - a +4 dagger
Missiles
 c - 31 stones (quivered)
 g - 25 sling bullets
Armour
 b - a +2 leather armour (worn)
Scrolls
 e - 2 scrolls of identify {unknown}
 f - a scroll of enchant armour {unknown}
 h - a scroll of remove curse {unknown}
 i - a scroll of enchant weapon {unknown}


   Skills:
 + Level 3.0 Fighting
 + Level 3.3 Long Blades
 - Level 0.7 Armour
 + Level 2.3 Dodging
 * Level 1.0 Stealth


You had one spell level left.
You didn't know any spells.
Your spell library was empty.

Dungeon Overview and Level Annotations

Branches:
Dungeon (2/15)

Altars:


Innate Abilities, Weirdness & Mutations

You do not eat.
Your natural rate of healing is unusually fast.
You have razor-sharp teeth.
You have supernaturally acute eyesight. (SInv)
You can survive without breathing.


Message History

The adder goes berserk!
The adder barely misses you.
You completely miss the adder.
The adder is lightly wounded.
You feel sick. The adder bites you.
* * * LOW HITPOINT WARNING * * *
The adder closely misses you.
You riposte.
You barely miss the adder.
The adder is lightly wounded.
You miss the adder.
The adder is lightly wounded.
The adder barely misses you. The adder bites you but does no damage.
The adder is engulfed in seething chaos.
The adder closely misses you.
You riposte.
You barely miss the adder.
The adder is lightly wounded.
The adder is engulfed in seething chaos.
The adder bites you.
* * * LOW HITPOINT WARNING * * *
You are more poisoned.
The adder poisons you!
You die...
Xom giggles madly!

##### .. ....# .
...# .###..#
..#..# #.#@#
#S#ยง# # #.#S###.
#.#.##.# #...##.#
##'###<#######
#............
#..........#######
############


You could see an adder (berserk).

Vanquished Creatures
  2 dart slugs (D:1)
  A bat (D:1)
  3 giant cockroaches (D:1)
  A goblin (D:1)
  2 hobgoblins (D:1)
  A ball python (D:1)
  2 kobolds (D:1)
12 creatures vanquished.

Notes
Turn   | Place    | Note
-------+----------+-------------------------------------------
     0 | D:1      | DrEnzyme the Vampire Chaos Knight began the quest for the
                  | Orb.
     0 | D:1      | Reached XP level 1. HP: 17/17 MP: 1/1
    48 | D:1      | XOM: divination: magic mapping
    59 | D:1      | XOM: potion effect (agility)
   102 | D:1      | XOM: harmless Tmut miscast
   164 | D:1      | XOM: harmless Erth miscast
   174 | D:1      | Reached XP level 2. HP: 23/23 MP: 2/2
   289 | D:1      | Reached skill level 1 in Stealth
   290 | D:1      | XOM: divination: detect items
   373 | D:1      | XOM: mild Tmut miscast
   378 | D:1      | XOM: mild Chrm miscast
   528 | D:1      | XOM: harmless Tloc miscast
   643 | D:1      | XOM: cloud trail
   682 | D:2      | HP: 1/24 [adder (2)]
   683 | D:2      | Succumbed to an adder's poison

Levels and vault maps discovered:
D:1:      minmay_arrival_loop, layout_loops_ring, minmay_pentomino_u4
D:2:      layout_loops_ring, nicolae_ashenzari_panopticon,
          nicolae_tso_swordbearing_angel, minmay_misc_feat_encased

Skill      XL: |  1  2 |
---------------+-------+-----
Stealth        | 1 |  1.0
Fighting       | 3 |  3.0
Long Blades    | |  3.3
Armour         | |  0.7
Dodging        | |  2.3

Action                   || total
-------------------------++-------
Melee: Falchion          ||    36
       Bite              ||     1
Throw: Stone             ||     3
  Use: Potion            ||     2
 Stab: Sleeping          ||     1
Armor: Leather armour    ||    13
Dodge: Dodged            ||    24
       Rpst.: Falchion   ||     5

Table legend:
 A = Non-vault XP
 B = Vault XP
 C = Vault XP percentage of total XP
 D = Non-vault monster count
 E = Vault monster count
 F = Vault count percentage of total count
                 A         B        C        D         E       F
            +---------+---------+-------+---------+---------+-------
      Total |      20 |       2 |   9.1 |       9 |       1 |  10.0
            +---------+---------+-------+---------+---------+-------
        D:1 |      20 |       2 |   9.1 |       9 |       1 |  10.0
            +---------+---------+-------+---------+---------+-------
